 Dungeon Crawl Stone Soup version 0.15-a0-2172-g9ff0d5b (webtiles) character file.

135 PolkaDot the Cutter (level 4, -10/33 HPs)
             Began as a Vampire Death Knight on July 21, 2014.
             Was a Believer of Yredelemnul.
             Killed from afar by an orc wizard (12 damage)
             ... with a magic dart
             ... on Level 3 of the Dungeon.
             The game lasted 00:09:45 (2137 turns).

PolkaDot the Cutter (Vampire Death Knight)          Turns: 2137, Time: 00:09:45

HP -10/33        AC  9     Str 12      XL: 4   Next: 96%
MP   5/5         EV 10     Int 13      God: Yredelemnul [**....]
Gold 127         SH  0     Dex 14      Spells:  0 memorised,  3 levels left

rFire  . . .     SeeInvis +     a - +1 short sword
rCold  . . .     Clarity  .     b - +0 leather armour
rNeg   + . .     rCorr    .     (no shield)
rPois  .         rRot     .     (no helmet)
rElec  .         Spirit   .     (no cloak)
SustAb .         Warding  .     (no gloves)
rMut   .         Stasis   .     (no boots)
Gourm  .                        (no amulet)
MR     .....                    j - +2 ring of protection
                                l - +4 ring of protection

@: slowed, very slow, not resistant to hostile enchantments, unstealthy
A: fangs 3, see invisible, unbreathing
a: Bat Form, Animate Remains, Recall Undead Slaves, Injury Mirror, Renounce
Religion


You were on level 3 of the Dungeon.
You worshipped Yredelemnul.
Yredelemnul was pleased with you.
You were not thirsty.

You visited 1 branch of the dungeon, and saw 3 of its levels.

You collected 127 gold pieces.

Inventory:

Hand weapons
 a - a +1 short sword (weapon)
Armour
 b - a +0 leather armour (worn)
Scrolls
 d - a scroll of teleportation {unknown}
 e - a scroll of remove curse
 f - a scroll of amnesia {unknown}
 g - a scroll of magic mapping {unknown}
 h - a scroll of enchant weapon {unknown}
Jewellery
 i - an uncursed ring of teleport control
 j - a +2 ring of protection (right hand)
 l - a +4 ring of protection (left hand)
Potions
 m - a potion of magic
 o - a potion of restore abilities {unknown}


   Skills:
 - Level 1.7 Fighting
 * Level 4.3 Short Blades
 + Level 2.1 Armour
 - Level 1.1 Dodging
 - Level 3.1 Stealth
 - Level 2.4 Invocations


You had 3 spell levels left.
You didn't know any spells.

Dungeon Overview and Level Annotations

Branches:
Dungeon (3/15)

Altars:


Innate Abilities, Weirdness & Mutations

You have razor-sharp teeth.*
You have supernaturally acute eyesight.
You can survive without breathing.*


Message History

Magic courses through your body.
It was a potion of magic.
The orc hits you but does no damage. The orc hits you with a club.
* * * LOW HITPOINT WARNING * * *
You swap places.
Something hits your gnoll zombie but does no damage.
Something hits your gnoll zombie!
Your gnoll zombie closely misses something.
Something completely misses your gnoll zombie.
The orc hits your gnoll zombie with a club.
Drink which item? (? for menu, Esc to quit)
You feel woody for a moment.
It was a potion of lignification.
Something hits your gnoll zombie but does no damage.
Something hits your gnoll zombie.
Your gnoll zombie is destroyed!
Drink which item? (? for menu, Esc to quit)
It has a very clean taste.
It was a potion of cure mutation.
The orc wizard points at you and mumbles some strange words.
The magic dart hits you!
You die...
Yredelemnul claims you as an undead slave.

..................#####Z
#..##.##.#######........ .
#. #.#.#..........#####.
..#...###...)..####. ##
....# #............. #
##..##...........# #
#.#.......#####.##....####
#.........#...#..# #......
........Z@#...# ... #..###
#......###oo..# #.##..# #
#......#⌠o##'#..⌠# .#..# #
......#.. .. # ...# #
..#.###. ..# #..# # .#. #.
.# #..# # '. ' #..### #.
#..... #. . ####..###


You could see an orc wizard, an orc and a friendly gnoll zombie.

Vanquished Creatures
  4 gnolls (D:3)
  4 adders
  A worm (D:2)
  2 oozes (D:1)
  6 bats
  3 hobgoblins (D:2)
  3 jackals (D:2)
  6 kobolds
  A ball python (D:1)
  6 giant newts
  6 goblins
  9 rats
51 creatures vanquished.

Vanquished Creatures (collateral kills)
  An adder (D:1)
  A bat (D:2)
2 creatures vanquished.

Vanquished Creatures (others)
  A gnoll zombie (D:3)
1 creature vanquished.

Grand Total: 54 creatures vanquished

Notes
Turn   | Place    | Note
--------------------------------------------------------------
     0 | D:1      | PolkaDot, the Vampire Death Knight, began the quest for the Orb.
     0 | D:1      | Reached XP level 1. HP: 16/16 MP: 1/1
    65 | D:1      | Reached skill level 1 in Armour
   258 | D:1      | Reached XP level 2. HP: 22/22 MP: 2/2
   376 | D:1      | Reached skill level 1 in Stealth
   783 | D:2      | Acquired Yredelemnul's second power
   872 | D:2      | Reached XP level 3. HP: 24/27 MP: 4/4
   882 | D:2      | Reached skill level 3 in Short Blades
  1073 | D:2      | Reached XP level 4. HP: 23/33 MP: 2/5
  1675 | D:3      | Reached skill level 4 in Short Blades
  2137 | D:3      | Killed from afar by an orc wizard

Action                   |  1- 3 |  4- 6 || total
-------------------------+-------+-------++-------
Melee: Short sword       |   133 |    81 ||   214
Invok: Animate Remains   |     6 |     7 ||    13
  Use: Scroll            |     1 |       ||     1
       Potion            |       |     5 ||     5
 Stab: Distracted        |     1 |       ||     1
       Invisible         |       |     3 ||     3
       Sleeping          |       |     1 ||     1
  Eat: Corpse            |     4 |     3 ||     7
